 Dungeon Crawl Stone Soup version 0.31.0-11-ge490571c62 (webtiles) character file.

Game seed: 10545096418166525556

24 qw the Shooter (level 2, -2/14 HPs)
             Began as a Spriggan Hunter on Feb 3, 2024.
             Slain by a jackal (3 damage)
             ... on level 1 of the Dungeon.
             The game lasted 00:00:01 (257 turns).

qw the Shooter (Spriggan Hunter)                     Turns: 257, Time: 00:00:02

Health: -2/14      AC:  2    Str:  7    XL:     2   Next: 79%
Magic:  3/3        EV: 19    Int: 10    God:
Gold:   6          SH:  0    Dex: 18    Spells: 1/1 levels left

rFire   . . .        a - +0 shortbow
rCold   . . .        (shield currently unavailable)
rNeg    . . .        c - +0 robe
rPois   .            (helmet restricted)
rElec   .            (no cloak)
rCorr   .            (gloves unavailable)
SInv    +            (boots unavailable)
Will    .....        (no amulet)
Stlth   ++           (no ring)
HPRegen 0.22/turn    (no ring)
MPRegen 0.08/turn

%: no passive effects
@: very quick
A: very small, no large weapons, unfitting armour, see invisible, speed 3
a: no special abilities


You were on level 1 of the Dungeon.
You visited 1 branch of the dungeon, and saw 1 of its levels.

You collected 6 gold pieces.


Innate Abilities, Weirdness & Mutations

You are very small and have problems with some larger weapons.
You are too small for most types of armour.
You have supernaturally acute eyesight. (SInv)
You cover ground extremely quickly. (Speed+++)


   Skills:
 - Level 1.5 Fighting
 + Level 4.3 Ranged Weapons
 - Level 4.0 Dodging
 - Level 1.5 Stealth


You had one spell level left.
You didn't know any spells.
Your spell library was empty.

Inventory:

Hand Weapons
 a - a +0 shortbow (weapon)
Armour
 c - a +0 robe (worn)
Jewellery
 d - a +4 ring of slaying {mikee}
Scrolls
 b - a scroll of butterflies
 e - a scroll of identify {unknown}
 f - a scroll of teleportation {unknown}
 g - a scroll of enchant armour {unknown}

Dungeon Overview and Level Annotations

Branches:
Dungeon (1/15)

Altars:


Message History

The jackal barely misses you. x2
You shoot an arrow. The arrow barely misses the jackal.
The jackal pauses to sniff the ground.
The jackal barely misses you. The jackal completely misses you.
You shoot an arrow. The arrow barely misses the jackal.
The jackal misses you.
You shoot an arrow. The arrow hits the jackal!
You kill the jackal!
The quokka completely misses you. The quokka misses you.
You shoot an arrow. The arrow misses the quokka.
The jackal barks!
The quokka closely misses you. The jackal misses you.
A jackal comes into view.
You shoot an arrow. The arrow hits the jackal.
The jackal is almost dead.
The jackal bites you. The quokka misses you.
You shoot an arrow. The arrow closely misses the jackal.
The jackal misses you. The quokka misses you. The jackal barely misses you.
The quokka completely misses you.
You shoot an arrow. The arrow hits the jackal.
You kill the jackal!
The quokka barely misses you.
The jackal bites you but does no damage.
You shoot an arrow.
The arrow hits the quokka but does no damage.
The quokka completely misses you. The jackal completely misses you.
The quokka misses you.
You shoot an arrow.
The arrow hits the jackal but does no damage.
The jackal closely misses you. The jackal bites you. The quokka bites you.
The jackal barely misses you. The jackal completely misses you.
You shoot an arrow. The arrow barely misses the jackal.
The quokka completely misses you. The jackal closely misses you.
The jackal barely misses you. The quokka bites you.
The jackal closely misses you. The jackal completely misses you.
You shoot an arrow. The arrow closely misses the jackal.
The jackal misses you. The jackal bites you. The quokka barely misses you.
You shoot an arrow. The arrow closely misses the jackal.
The jackal bites you.
You die...

##.##.#.#...)#.#
#............#.###
#..#....##.......##
#..#....##...#.....
.
#..#....###.##.....
..## #..#....#
#........
.....#.......#
####.....
........#....#
#.....
......h@#....#
####.#
......rh###### #..
(......?# ###
?.......# ........#
......... ..##.....
.. #..... ~~~~
~...ยค


You could see a quokka and 2 jackals.

Vanquished Creatures
  4 bats (D:1)
  An endoplasm (D:1)
  3 hobgoblins (D:1)
  2 jackals (D:1)
  4 kobolds (D:1)
  A quokka (D:1)
  A ball python (D:1)
  3 goblins (D:1)
  2 rats (D:1)
21 creatures vanquished.

Notes
Turn   | Place    | Note
-------+----------+-------------------------------------------
     0 | D:1      | qw the Spriggan Hunter began the quest for the Orb.
     0 | D:1      | Reached XP level 1. HP: 10/10 MP: 2/2
     0 | D:1      | 0 ||| qw: Version: 0.3-a-158-g18b3111
     0 | D:1      | 0 ||| qw: Game counter: 4154
     0 | D:1      | 0 ||| qw: Melee chars always use a shield: true
     0 | D:1      | 0 ||| qw: God list: Okawaru
     0 | D:1      | 0 ||| qw: Allow faded altars: false
     0 | D:1      | 0 ||| qw: Do Orc after clearing Dungeon:15 true
     0 | D:1      | 0 ||| qw: Do second Lair branch before Depths: true
     0 | D:1      | 0 ||| qw: Lair rune preference: random
     0 | D:1      | 0 ||| qw: Goals: Normal
     0 | D:1      | 0 ||| PLANNING D:1-11
    24 | D:1      | Reached skill level 3 in Dodging
   173 | D:1      | Reached XP level 2. HP: 14/14 MP: 3/3
   255 | D:1      | HP: 3/14 [quokka (5)]
   256 | D:1      | HP: 1/14 [jackal (2)]
   257 | D:1      | Slain by a jackal

Levels and vault maps discovered:
D:1:      evilmike_arrival_hilbert_curve, layout_basic, minmay_small_reverse_x

Skill      XL: |  1  2 |
---------------+-------+-----
Dodging        | 3 4 |  4.0
Fighting       | |  1.5
Ranged Weapons | |  4.3
Stealth        | |  1.5

Action                     || total
---------------------------++-------
   Fire: Shortbow          ||    56
 Armour: Robe              ||    12
  Dodge: Dodged            ||    55

Table legend:
 A = Non-vault XP
 B = Vault XP
 C = Vault XP percentage of total XP
 D = Non-vault monster count
 E = Vault monster count
 F = Vault count percentage of total count
                 A         B        C        D         E       F
            +---------+---------+-------+---------+---------+-------
      Total |      35 |       0 |   0.0 |      21 |       0 |   0.0
            +---------+---------+-------+---------+---------+-------
        D:1 |      35 |       0 |   0.0 |      21 |       0 |   0.0
            +---------+---------+-------+---------+---------+-------
